AoeStats
← chillax

Arabia

503674592Analyzed
2v2 RM · 1mo ago on Sep 1, 2026· 34m 35s· 4 players
Game mode
Random Map
Map size
Medium (4 player)
Population
200
Speed
Normal
Resources
Standard
Victory
Conquest
Starting age
Dark Age
Ending age
Imperial Age
RankedLock teamsTeams togetherTeam positionsShared explorationLock speedFull tech treeHidden civsTurbo modeCheats
Victory
Defeat
🇩🇪 Burmese · Germany
1136
+14
🇩🇪 Burgundians · Germany
1123
+14
🇳🇴 Aztecs · Norway
1112
-15
🇳🇴 Turks · Norway
1063
-13
chillax
6:21 Loom
12:17 Feudal Age
17:31 Castle Age
23:14 Gold Mining
23:38 Forging
27:16 Scale Barding Armor
31:25 Iron Casting
31:02 Husbandry
32:04 Bloodlines
33:30 Double-Bit Axe
33:59 Horse Collar
Heijorn
6:27 Loom
10:06 Feudal Age
10:50 Double-Bit Axe
20:50 Castle Age
19:38 Gold Mining
19:48 Fletching
19:59 Scale Mail Armor
20:55 Crossbowman
21:58 Bodkin Arrow
24:29 Bow Saw
25:38 Forging
26:15 Ballistics
27:57 Eagle Warrior
28:41 Squires
28:02 Eagle Warrior
31:13 Padded Archer Armor
32:57 Pikeman
Jules
7:44 Loom
9:54 Feudal Age
10:11 Man-at-Arms
11:57 Horse Collar
17:38 Wheelbarrow
18:32 Arson
18:49 Scale Mail Armor
19:00 Forging
22:37 Castle Age
21:49 Fletching
21:59 Padded Archer Armor
22:40 Long Swordsman
23:08 Gambesons
23:23 Squires
23:44 Chain Mail Armor
24:04 Gold Mining
27:05 Iron Casting
27:59 Bodkin Arrow
28:18 Town Watch
28:04 Elite Skirmisher
34:59 Ballistics
Pizzaiolo
9:46 Loom
12:21 Feudal Age
13:40 Double-Bit Axe
13:38 Horse Collar
17:51 Forging
23:07 Castle Age
21:22 Heavy Plow
23:11 Gold Mining
23:34 Bow Saw
26:06 Crop Rotation
25:28 Town Watch
25:49 Light Cavalry
26:31 Husbandry
26:39 Scale Barding Armor
27:10 Iron Casting
27:24 Wheelbarrow
26:57 Cavalier
31:14 Chain Barding Armor
32:21 Two-Man Saw
31:39 Hand Cart
33:04 Stone Mining
Connection lost

Rejoining the realm…

Still unreachable

The connection could not be restored.

Session expired

The server has moved on; the page needs a fresh start.